 Dungeon Crawl Stone Soup version 0.23-a0-456-gc514d67198 (webtiles) character file.

107 Marlight the Shield-Bearer (level 4, -1/40 HPs)
             Began as a Minotaur Fighter on Nov 25, 2018.
             Killed by divine providence
             ... invoked by an orc priest
              (11 damage)
             ... on level 3 of the Dungeon.
             The game lasted 00:09:32 (2119 turns).

Marlight the Shield-Bearer (Minotaur Fighter)       Turns: 2119, Time: 00:09:32

Health: -1/40      AC:  9    Str: 21    XL:     4   Next: 57%
Magic:  3/3        EV:  8    Int:  5    God:
Gold:   59         SH:  9    Dex: 10    Spells: 3/3 levels left

rFire    . . .     SeeInvis .   a - +0 long sword
rCold    . . .     Gourm    .   c - +0 shield
rNeg     . . .     Faith    .   b - +1 scale mail
rPois    .         Spirit   .   (helmet restricted)
rElec    .         Reflect  .   (no cloak)
rCorr    .         Harm     .   (no gloves)
MR       .....                  j - +0 pair of boots
Stlth    ..........             (no amulet)
HPRegen  0.13/turn              g - ring of wizardry
MPRegen  0.08/turn              (no ring)

@: no status effects
A: retaliatory headbutt, horns 2
a: no special abilities


You were on level 3 of the Dungeon.
You were hungry.

You visited 1 branch of the dungeon, and saw 3 of its levels.

You collected 59 gold pieces.

Inventory:

Hand Weapons
 a - a +0 long sword (weapon)
 e - a +1 spear of flaming
Armour
 b - a +1 scale mail (worn)
 c - a +0 shield (worn)
 j - a +0 pair of boots (worn)
Jewellery
 g - a ring of wizardry (left hand)
Wands
 s - a wand of acid (6)
Scrolls
 k - a scroll of magic mapping
 n - a scroll of teleportation
 o - 6 scrolls of remove curse
 q - a scroll of enchant weapon {unknown}
Potions
 d - 2 potions of might
 f - a potion of lignification {unknown}
 h - a potion of flight {unknown}
 i - a potion of resistance {unknown}
 l - a potion of brilliance
 m - a potion of haste {unknown}
 r - a potion of mutation {unknown}
Comestibles
 p - 4 rations


   Skills:
 + Level 4.2 Fighting
 + Level 3.6 Long Blades
 + Level 4.3 Armour
 + Level 1.1 Dodging
 + Level 4.6 Shields


You had 3 spell levels left.
You didn't know any spells.
Your spell library was empty.

Dungeon Overview and Level Annotations

Branches:
Dungeon (3/15)

Altars:
Vehumet

Annotations:
D:3 1 transporter


Innate Abilities, Weirdness & Mutations

You reflexively headbutt those who attack you in melee.
You have a pair of horns on your head.


Message History

The orc priest mumbles some strange prayers to Beogh against you.
Pain shoots through your body! The shadow imp gestures at you.
You barely resist.
The shadow imp grinds its teeth.
The orc priest invokes the aid of Beogh against you.
Pain shoots through your body! The shadow imp gestures at you.
Pain shoots through your body!
* * * LOW HITPOINT WARNING * * *
Why would you want to do that? Why would you want to do that?
You enter the shallow water.
Moving in this stuff is going to be slow.
The shadow imp gestures at you. Pain shoots through your body!
* * * LOW HITPOINT WARNING * * *
The orc priest mumbles some strange prayers to Beogh against you.
Beogh smites you!
You die...

#..#.#####.########.......#.#.#
#..#'#...#........>............
#......#......................#
#......###..................###
#......#.#.###############..#
#........#.#8P#55.....#≈8#...
#..#'###.#.#P.#≈≈≈≈≈≈≈#.P#...
#..#.# #...#..#..≈≈≈..#.$#...
#..#.# #..©#©.@..≈⌠≈..+$©#©..
#..#.# #...#..#..≈≈≈..#.$#.....
#. #.....#.#P.#≈≈≈≈≈≈≈#.P#.#...
#.....#.#8P#55.o...#≈8#.#..#
.......#.###############.#
##....##.................#
...... ######....#########
###... #.$..# #....#


You could see an orc priest and 4 shadow imps.

Vanquished Creatures
  4 adders
  2 worms (D:2)
  5 dart slugs
  An orc (D:3)
  4 giant cockroaches
  3 goblins
  3 hobgoblins
  10 jackals
  6 kobolds
  3 quokkas
  2 bats
  3 frilled lizards
  A jackal skeleton (D:2)
  7 rats
54 creatures vanquished.

Notes
Turn   | Place    | Note
-------+----------+-------------------------------------------
     0 | D:1      | Marlight the Minotaur Fighter began the quest for the Orb.
     0 | D:1      | Reached XP level 1. HP: 19/19 MP: 0/0
   372 | D:1      | Reached XP level 2. HP: 27/27 MP: 1/1
   965 | D:2      | Found a radiant altar of Vehumet.
  1110 | D:2      | Reached XP level 3. HP: 33/33 MP: 2/2
  1293 | D:2      | Reached XP level 4. HP: 33/40 MP: 3/3
  1690 | D:3      | Reached skill level 1 in Dodging
  1993 | D:3      | Found a transporter.
  2021 | D:3      | Found a transporter.
  2119 | D:3      | Killed from afar by an orc priest

Vault maps used:
D:1:      lightli_arrival_lavapool
D:2:      vehumet_crystals
D:3:      gammafunk_wand_slinger, first_ration

Skill      XL: |  1  2  3  4 |
---------------+-------------+-----
Fighting       | 4 |  4.2
Shields        | 4 |  4.6
Armour         | 4 |  4.3
Long Blades    | 3 |  3.6
Dodging        | 1 |  1.1

Action                   |  1- 3 |  4- 6 || total
-------------------------+-------+-------++-------
Melee: Long sword        |    83 |    35 ||   118
       Headbutt          |    12 |     5 ||    17
  Use: Scroll            |     4 |     2 ||     6
       Potion            |       |     1 ||     1
  Eat: Ration            |     1 |       ||     1
Armor: Scale mail        |    68 |    15 ||    83
Dodge: Dodged            |    40 |     8 ||    48
Block: Shield            |    53 |    17 ||    70
       Rpst.: Long sword |     9 |     1 ||    10

Table legend:
 A = Non-vault XP
 B = Vault XP
 C = Vault XP percentage of total XP
 D = Non-vault monster count
 E = Vault monster count
 F = Vault count percentage of total count
                 A         B        C        D         E       F
            +---------+---------+-------+---------+---------+-------
      Total |     154 |       0 |   0.0 |      54 |       0 |   0.0
            +---------+---------+-------+---------+---------+-------
        D:1 |      25 |       0 |   0.0 |      15 |       0 |   0.0
        D:2 |      72 |       0 |   0.0 |      24 |       0 |   0.0
        D:3 |      57 |       0 |   0.0 |      15 |       0 |   0.0
            +---------+---------+-------+---------+---------+-------
